 Dungeon Crawl Stone Soup version 0.24.0-37-gcf1ca852f1 (webtiles) character file.

Game seed: 16404659928531569156, levelgen mode: deterministic

177 PentaManta the Slasher (level 5, -1/36 HPs)
             Began as an Octopode Fighter on Dec 5, 2019.
             Was an Initiate of Dithmenos.
             Slain by Menkaure (24 damage)
             ... on level 4 of the Dungeon.
             The game lasted 00:04:54 (2969 turns).

PentaManta the Slasher (Octopode Fighter)           Turns: 2969, Time: 00:04:54

Health: -1/36      AC:  1    Str: 15    XL:     5   Next: 57%
Magic:  14/14      EV: 12    Int: 10    God:    Dithmenos [......]
Gold:   120        SH:  9    Dex: 13    Spells: 4/4 levels left

rFire    . . .     SeeInvis .   a - +0 long sword
rCold    . . .     Gourm    .   b - +1 shield
rNeg     . . .     Faith    .   (helmet restricted)
rPois    .         Spirit   .   (no amulet)
rElec    .         Reflect  .   j - ring of magical power
rCorr    .         Harm     .   (no ring)
MR       .....                  (no ring)
Stlth    ++........             (no ring)
HPRegen  0.12/turn              (no ring)
MPRegen  0.14/turn              (no ring)
                                (no ring)
                                (no ring)

@: no status effects
A: almost no armour, stealthy swim, amphibious, 8 rings, constrict 8, camouflage
1, gelatinous body 1
a: Renounce Religion


You were on level 4 of the Dungeon.
You worshipped Dithmenos.
Dithmenos was noncommittal.
You were hungry.

You visited 1 branch of the dungeon, and saw 4 of its levels.

You collected 120 gold pieces.

Inventory:

Hand Weapons
 a - a +0 long sword (weapon)
Armour
 b - a +1 shield (worn)
Jewellery
 j - a ring of magical power (left tentacle)
Wands
 k - a wand of random effects (13)
 p - a wand of polymorph (17)
Scrolls
 e - 2 scrolls of remove curse
 f - 3 scrolls of teleportation
 g - a scroll of identify
 h - a scroll of enchant armour
Potions
 c - a potion of might
 i - a potion of mutation {unknown}
 l - a potion of brilliance
 n - 2 potions of curing {unknown}
 o - 2 potions of berserk rage {unknown}
 q - a potion of flight {unknown}
Comestibles
 d - 4 rations


   Skills:
 - Level 3.0 Fighting
 + Level 5.6 Long Blades
 - Level 3.0 Dodging
 - Level 3.0 Shields


You had 4 spell levels left.
You didn't know any spells.
Your spell library was empty.

Dungeon Overview and Level Annotations

Branches:
Dungeon (4/15)
 Temple: D:4-7

Altars:
Dithmenos
Nemelex Xobeh
Zin

Annotations:
D:4 Menkaure


Innate Abilities, Weirdness & Mutations

You cannot wear most types of armour.
You are very stealthy in the water. (Stealth+)
You are amphibious.
You can wear up to eight rings at the same time.
You can use your tentacles to constrict eight enemies at once.
Your skin changes colour to match your surroundings (Stealth+).
Your rubbery body absorbs attacks. (AC +1, EV +1)


Message History

Press: ? - help, . - travel You can't see that place. [the floor.] Menkaure closely misses you.
You riposte.
You hit Menkaure. Your grab misses Menkaure.
You squeeze Menkaure, but do no damage.
Menkaure is moderately damaged.
Menkaure points at you and mumbles some strange words.
Pain shoots through your body!
You hit Menkaure. Your grab misses Menkaure. You squeeze Menkaure.
Menkaure is heavily damaged.
Menkaure barely misses you.
You hit Menkaure. You grab Menkaure.
Menkaure is heavily damaged.
You constrict Menkaure, but do no damage.
Menkaure misses you. You block Menkaure's attack.
You hit Menkaure but do no damage.
Menkaure is heavily damaged.
You constrict Menkaure. Menkaure hits you!!
Ouch! That really hurt!
You die...

. .# ##.###
##.....#.
##........
#.........
###.........
###.M.........
##..@#.........
#....#......M..
####.##........
.#######<..........
...................
.################.
M .


You could see Menkaure.

Vanquished Creatures
  Crazy Yiuf (D:2)
  Terence (D:2)
  Robin (D:2)
  4 adders
  A shadow imp (D:3)
  A dart slug (D:1)
  A leopard gecko (D:1)
  An orc (D:3)
  4 giant cockroaches
  16 goblins
  10 hobgoblins
  6 jackals
  2 quokkas (D:3)
  4 bats
  5 frilled lizards
  A kobold (D:3)
  3 rats
62 creatures vanquished.

Notes
Turn   | Place    | Note
-------+----------+-------------------------------------------
     0 | D:1      | PentaManta the Octopode Fighter began the quest for the
                  | Orb.
     0 | D:1      | Reached XP level 1. HP: 16/16 MP: 1/1
   233 | D:1      | Reached XP level 2. HP: 19/21 MP: 2/2
   512 | D:1      | Reached skill level 3 in Long Blades
   873 | D:2      | Noticed Robin
   875 | D:2      | Reached XP level 3. HP: 26/26 MP: 3/3
   883 | D:2      | Killed Robin
  1039 | D:2      | Found a runed translucent door.
  1040 | D:2      | Noticed Crazy Yiuf
  1134 | D:2      | Reached skill level 4 in Long Blades
  1137 | D:2      | Reached XP level 4. HP: 9/31 MP: 4/4
  1512 | D:2      | Found a sparkling altar of Nemelex Xobeh.
  1577 | D:2      | Noticed Terence
  1582 | D:2      | Killed Terence
  1960 | D:2      | Killed Crazy Yiuf
  1960 | D:2      | Reached skill level 5 in Long Blades
  1960 | D:2      | Reached XP level 5. HP: 36/36 MP: 5/5
  2406 | D:3      | Found a faded altar of an unknown god.
  2630 | D:3      | Found a shadowy altar of Dithmenos.
  2655 | D:3      | Became a worshipper of Dithmenos the Shadowed
  2682 | D:3      | Found a glowing silver altar of Zin.
  2694 | D:3      | Noticed a phantom
  2907 | D:4      | Noticed Menkaure
  2969 | D:4      | Slain by Menkaure

Levels and vault maps discovered:
D:1:      psy_arrival_conway, layout_rooms, kennysheep_decorative_pillar
D:2:      layout_loops_cross, nemelex_xobeh_ov_fountains_minmay,
          minmay_tetromino_o2, uniq_robin, uniq_crazy_yiuf_cottage, uniq_terence
D:3:      layout_basic, zin_statuary, chequers_ecumenical_altar_simple_redux,
          nicolae_dithmenos_through_a_glass_darkly
D:4:      layout_rooms, nicolae_overflow_crystal_walls,
          ebering_ghost_disaster_area, uniq_sigmund, uniq_edmund, uniq_menkaure,
          uniq_ijyb

Skill      XL: |  1  2  3  4 |
---------------+-------------+-----
Long Blades    | 3 4 5 |  5.6
Fighting       | |  3.0
Dodging        | |  3.0
Shields        | |  3.0

Action                   |  1- 3 |  4- 6 || total
-------------------------+-------+-------++-------
Melee: Long sword        |    50 |    66 ||   116
       Constrict         |    15 |    20 ||    35
       Tentacles         |     9 |    14 ||    23
  Use: Scroll            |       |     6 ||     6
 Stab: Sleeping          |     2 |     6 ||     8
  Eat: Chunk             |       |     6 ||     6
Armor: Skin              |     3 |     2 ||     5
Dodge: Dodged            |    17 |    27 ||    44
Block: Shield            |    16 |    28 ||    44
       Rpst.: Long sword |     6 |     7 ||    13
